 Dungeon Crawl Stone Soup version 0.25-a0-558-g78a2afb0af (webtiles) character file.

Game seed: 5735756526116279311, levelgen mode: deterministic

102 Gargoyl the Skirmisher (level 4, -3/40 HPs)
             Began as a Centaur Abyssal Knight on Feb 24, 2020.
             Was a Follower of Lugonu.
             Slain by a gnoll
             ... wielding a +0 spear
              (5 damage)
             ... on level 2 of the Dungeon.
             The game lasted 00:03:02 (1194 turns).

Gargoyl the Skirmisher (Centaur Abyssal Knight)     Turns: 1194, Time: 00:03:03

Health: -3/40      AC:  7    Str: 15    XL:     4   Next: 49%
Magic:  6/6        EV:  8    Int: 11    God:    Lugonu [*.....]
Gold:   140        SH:  0    Dex:  9    Spells: 3/3 levels left

rFire    . . .     SeeInvis .   a - +1 hand axe
rCold    . . .     Gourm    .   (no shield)
rNeg     . . .     Faith    .   f - +0 ring mail
rPois    .         Spirit   .   k - +0 helmet
rElec    .         Reflect  .   (no cloak)
rCorr    .         Harm     .   (no gloves)
MR       .....                  (no barding)
Stlth    ..........             d - amulet of regeneration
HPRegen  0.53/turn              (no ring)
MPRegen  0.10/turn              (no ring)

@: very quick
A: large, hooves 3, deformed body, speed 2, tough skin 3
a: Depart the Abyss, Renounce Religion


You were on level 2 of the Dungeon.
You worshipped Lugonu.
Lugonu was aware of your devotion.
You were not hungry.

You visited 1 branch of the dungeon, and saw 2 of its levels.
You visited the Abyss 1 time.

You collected 140 gold pieces.

Inventory:

Hand Weapons
 a - a +1 hand axe (weapon)
Armour
 f - a +0 ring mail (worn)
 k - a +0 helmet (worn)
Jewellery
 d - an amulet of regeneration (around neck)
Scrolls
 b - a scroll of enchant weapon {unknown}
 i - a scroll of identify
 l - a scroll of amnesia {unknown}
Potions
 e - a potion of berserk rage {unknown}
 g - 2 potions of curing {unknown}
 h - a potion of lignification {unknown}
Comestibles
 c - 2 rations
 j - 6 chunks of flesh


   Skills:
 + Level 3.6 Fighting
 + Level 2.5 Axes
 * Level 2.1 Armour
 * Level 1.1 Dodging
 * Level 2.7 Invocations


You had 3 spell levels left.
You didn't know any spells.
Your spell library was empty.

Dungeon Overview and Level Annotations

Branches:
Dungeon (2/15)

Altars:


Innate Abilities, Weirdness & Mutations

You have hooves in place of feet.
Armour fits poorly on your strangely shaped body.
You cover ground very quickly.
You have extremely tough skin. (AC +3)


Message History

You start resting.
HP restored.
You climb downwards.
The gnoll barely misses you. The gnoll closely misses you.
There is a stone staircase leading up, spattered with blood here.
Things that are here:
a +0 animal skin; a +0 club; the hobgoblin skeleton of Robin
Things that are here:
a +0 club; a goblin corpse You hit the gnoll.
The gnoll is lightly wounded.
The gnoll hits you with a +2 halberd of freezing!
The gnoll freezes you!
You hit the gnoll. Your kick misses the gnoll.
The gnoll is moderately wounded.
The gnoll hits you with a +2 halberd of freezing!
* * * LOW HITPOINT WARNING * * *
The gnoll freezes you.
* * * LOW HITPOINT WARNING * * *
The gnoll hits you from afar with a +0 spear.
You die...

....##÷..###..... .
.......(.......#.# .#
.##..###.(####.#.##.
#........).....#.
.....(...)........
..#.####..####..... . #
#..# #.g### #..## #g.#
#.####...###.@#########
#............)<).......
..#.####)..###..#########
......))÷†g.......#
.##.####.##.##..###
#.##..#.....
#.###.#.##### ... ....
#.. ...#


You could see 2 gnolls.

Vanquished Creatures
  Robin (D:2)
  A worker ant zombie (D:2)
  An adder (D:2)
  2 gnolls (D:1)
  2 oozes
  2 leopard geckos (D:1)
  2 bats (D:1)
  3 giant cockroaches
  9 goblins
  6 hobgoblins
  A quokka (D:2)
  3 frilled lizards (D:1)
  5 kobolds
  2 rats (D:1)
40 creatures vanquished.

Notes
Turn   | Place    | Note
-------+----------+-------------------------------------------
     0 | Abyss:1  | Gargoyl the Centaur Abyssal Knight began the quest for the
                  | Orb.
     0 | Abyss:1  | Reached XP level 1. HP: 19/19 MP: 2/2
    26 | Abyss:1  | Found an opulent altar of Gozag.
    57 | Abyss:1  | Noticed a tentacled starspawn
    86 | Abyss:1  | Noticed a large abomination
   123 | Abyss:1  | Noticed an ancient zyme
   125 | Abyss:1  | Noticed a thrashing horror
   134 | Abyss:1  | Noticed an eye of draining
   134 | Abyss:1  | Noticed a tentacled starspawn
   134 | Abyss:1  | Noticed an orange demon
   144 | Abyss:1  | Noticed a large abomination
   147 | Abyss:1  | Noticed a large abomination
   149 | Abyss:1  | Noticed a hellephant
   182 | Abyss:1  | Noticed a neqoxec
   231 | Abyss:2  | Found a hazy altar of Hepliaklqana.
   237 | Abyss:2  | Noticed a small abomination
   243 | Abyss:2  | Noticed a bone dragon
   256 | Abyss:2  | Noticed a ynoxinul
   271 | Abyss:2  | Noticed an orange demon
   272 | Abyss:2  | Noticed a ynoxinul
   273 | D:1      | Escaped the Abyss
   317 | D:1      | Reached XP level 2. HP: 26/26 MP: 3/3
   384 | D:1      | Reached * piety under Lugonu
   819 | D:2      | Reached skill level 1 in Dodging
   819 | D:2      | Reached XP level 3. HP: 29/31 MP: 4/4
   928 | D:2      | Noticed Robin
   999 | D:2      | Reached XP level 4. HP: 26/39 MP: 5/5
  1002 | D:2      | Killed Robin
  1194 | D:2      | HP: 2/40 [gnoll/+2 halberd of freezing (4)]
  1194 | D:2      | Slain by a gnoll

Levels and vault maps discovered:
D:1:      minmay_arrival_hallway, layout_rooms
D:2:      wander_river, layout_basic, overflow_temple_1_default, bloody_makhleb,
          first_ration, uniq_robin

Skill      XL: |  1  2  3 |
---------------+----------+-----
Dodging        | 1 |  1.1
Axes           | 2 |  2.5
Armour         | 2 |  2.1
Fighting       | |  3.6
Invocations    | |  2.7

Action                   |  1- 3 |  4- 6 || total
-------------------------+-------+-------++-------
Melee: Hand axe          |   101 |    13 ||   114
       Kick              |    15 |     3 ||    18
Invok: Depart the Abyss  |     1 |       ||     1
  Use: Scroll            |     1 |       ||     1
Armor: Leather armour    |     7 |       ||     7
       Ring mail         |    53 |     5 ||    58
Dodge: Dodged            |    61 |     7 ||    68

Table legend:
 A = Non-vault XP
 B = Vault XP
 C = Vault XP percentage of total XP
 D = Non-vault monster count
 E = Vault monster count
 F = Vault count percentage of total count
                 A         B        C        D         E       F
            +---------+---------+-------+---------+---------+-------
      Total |     110 |      36 |  24.7 |      28 |      12 |  30.0
            +---------+---------+-------+---------+---------+-------
        D:1 |      61 |       0 |   0.0 |      18 |       0 |   0.0
        D:2 |      49 |      36 |  42.4 |      10 |      12 |  54.5
            +---------+---------+-------+---------+---------+-------
